 Dungeon Crawl Stone Soup version 0.14.0-6-g1bc2dff (webtiles) character file.

3430 Ragg the Grappler (level 9, -3/92 HPs)
             Began as a Troll Berserker on Apr 12, 2014.
             Was an Elder of Trog.
             Splashed by a jelly's acid (14 damage)
             ... on Level 8 of the Dungeon.
             The game lasted 00:17:08 (5578 turns).

Ragg the Grappler (Troll Berserker)                 Turns: 5578, Time: 00:17:09

HP  -3/92        AC  5     Str 27      XL: 9   Next: 54%
MP   4/4         EV 12     Int  4      God: Trog [****..]
Gold 439         SH  0     Dex 11      Spells:  0 memorised,  8 levels left

rFire  . . .     SeeInvis .       - Unarmed
rCold  . . .     Clarity  .     o - +0 robe {rN+}
rNeg   + . .     Conserve .     (shield restricted)
rPois  .         rCorr    .     (helmet restricted)
rElec  .         rRot     .     (no cloak)
SustAb . .       Spirit   .     (gloves unavailable)
rMut   .         Warding  .     (boots unavailable)
Gourm  +         Stasis   +     u - amulet of stasis
MR     +++..                    (no ring)
                                F - ring of protection from magic

@: regenerating, extremely resistant to hostile enchantments, unstealthy
A: unfitting armour, claws 3, fast metabolism 3, gourmand, regeneration 2,
saprovore 2, shaggy fur 1, tough skin 2
a: Burn Spellbooks, Berserk, Trog's Hand, Brothers in Arms, Renounce Religion


You were on level 8 of the Dungeon.
You worshipped Trog.
Trog was greatly pleased with you.
You were full.

You visited 1 branch of the dungeon, and saw 8 of its levels.
You also visited: Sewer.

You collected 439 gold pieces.

Inventory:

Armour
 o - a +0 robe of positive energy (worn)
Magical devices
 y - a wand of disintegration (5)
Comestibles
 a - 5 meat rations
 d - 2 apples
 h - 2 chokos
 k - a lemon
 m - 4 bread rations
 t - a pear
 G - a beef jerky
Scrolls
 b - 4 scrolls of enchant weapon I
 c - a scroll of recharging {unknown}
 e - 3 scrolls of enchant weapon II
 g - a scroll of magic mapping {unknown}
 j - a scroll of immolation {unknown}
 l - a scroll of enchant armour
 s - a scroll of teleportation
 v - a scroll of vulnerability {unknown}
 w - a scroll of random uselessness {unknown}
 H - a scroll of remove curse
Jewellery
 u - an amulet of stasis (around neck)
 F - a ring of protection from magic (left claw)
 I - an uncursed amulet of resist corrosion
Potions
 i - 2 potions of heal wounds {unknown}
 n - 10 potions of curing {unknown}
 p - a potion of flight {unknown}
 q - a potion of might {unknown}
 r - 2 potions of restore abilities {unknown}
 x - a potion of agility {unknown}
 z - a potion of berserk rage
 B - 4 potions of poison {unknown}
 D - a potion of haste {unknown}
Books
 C - a Young Poisoner's Handbook

   Spells                             Type                      Level
   Sting                              Conjuration/Poison           1
   Cure Poison                        Poison                       2
   Mephitic Cloud                     Conjuration/Poison/Air       3
   Olgreb's Toxic Radiance            Poison                       4
   Venom Bolt                         Conjuration/Poison           5
   Trog disapproves of the use of such an item.
 E - a book of Envenomations

   Spells                             Type                      Level
   Spider Form                        Transmutation/Poison         3
   Poison Weapon                      Charms/Poison                3
   Alistair's Intoxication            Transmutation/Poison         4
   Olgreb's Toxic Radiance            Poison                       4
   Poisonous Cloud                    Conjuration/Poison/Air       6
   Trog disapproves of the use of such an item.
Miscellaneous
 A - a plain deck of wonders {Experience}


   Skills:
 + Level 6.8 Fighting
 + Level 7.1 Dodging
 + Level 8.2 Unarmed Combat


You had 8 spell levels left.
You didn't know any spells.

Dungeon Overview and Level Annotations

Branches:
Dungeon (8/15)             Temple (0/1) D:4
   Lair: D:8-11

Altars:
Nemelex Xobeh
Okawaru
Sif Muna
Trog
Zin

Shops:
D:5 [


Innate Abilities, Weirdness & Mutations

You are too large for most types of armour.
You have claws for hands.
Your metabolism is lightning-fast.
You like to eat raw meat.
You heal very quickly.
You can eat rotten meat.
You are covered in fur (AC +1).
You have very tough skin (AC +2).


Message History

You hear a slurping noise.
The jelly completely misses you.
You mangle the jelly!!
Your claws burn!
* * * LOW HITPOINT WARNING * * *
The jelly is moderately wounded.
You hit the jelly.
Your claws burn!
* * * LOW HITPOINT WARNING * * *
The jelly is moderately wounded.
The jelly hits you but does no damage.
You hit the jelly.
Your claws burn!
* * * LOW HITPOINT WARNING * * *
The jelly is heavily wounded.
The jelly misses you.
You claw the jelly!
Your claws burn!
* * * LOW HITPOINT WARNING * * *
The jelly is heavily wounded.
The jelly hits you.
* * * LOW HITPOINT WARNING * * *
You are splashed with acid!
The acid burns!
You die...

#.# ### .. ... ..# ...
#.# #.#.../# #.# #.#....#
###########.###.#....#
#......)....)........#.
..................[......
#.#########.###.###..#.
#.# #@# #.# #J#
########.###J###.
........<.........#
########.###.###.## #.#
#.# ... ... ... ...
##.###$#


You could see 2 jellies.

Vanquished Creatures
  The ghost of Sar the Grappler, an experienced TrFi (D:6)
  A deep elf mage (D:5)
  Eustachio (D:5)
  A hippogriff (D:7)
  Menkaure (D:5)
  An ice beast (D:6)
  2 orc warriors
  4 ogres
  A crocodile (Sewer)
  A centaur (D:6)
  2 giant frogs
  A scorpion (D:4)
  A troll zombie (D:7)
  3 wights (D:7)
  A crimson imp (D:5)
  2 jellies
  3 hounds
  4 orc priests
  A giant frog skeleton (D:6)
  An iguana (D:5)
  Natasha (twice) (D:3)
  5 worker ants
  Ijyb (D:4)
  Jessica (D:3)
  12 adders
  A gnoll (D:4)
  A shadow imp (D:6)
  3 giant mites (D:4)
  2 worms
  A giant eyeball (D:5)
  5 giant geckos
  An ooze (D:7)
  19 orcs
  9 bats
  A bat zombie (D:7)
  4 giant cockroaches
  8 hobgoblins
  22 jackals
  18 kobolds
  3 quokkas
  3 ball pythons
  2 giant gecko zombies (D:5)
  3 giant newts
  11 goblins
  12 rats
  2 rat zombies (D:7)
  4 ballistomycetes (D:7)
189 creatures vanquished.

Vanquished Creatures (others)
  A giant spore (D:7)
1 creature vanquished.

Grand Total: 190 creatures vanquished

Notes
Turn   | Place    | Note
--------------------------------------------------------------
     0 | D:1      | Ragg, the Troll Berserker, began the quest for the Orb.
     0 | D:1      | Reached XP level 1. HP: 22/22 MP: 1/1
   293 | D:1      | Reached XP level 2. HP: 27/29 MP: 1/1
   580 | D:2      | Found a deep blue altar of Sif Muna.
   619 | D:2      | Reached XP level 3. HP: 29/36 MP: 2/2
   800 | D:2      | Reached XP level 4. HP: 45/45 MP: 2/2
  1278 | D:3      | Noticed Natasha
  1285 | D:3      | Killed Natasha
  1285 | D:3      | Acquired Trog's second power
  1300 | D:3      | Reached XP level 5. HP: 38/53 MP: 2/2
  1490 | D:3      | Reached skill level 4 in Unarmed Combat
  1656 | D:3      | Noticed Natasha
  1661 | D:3      | Killed Natasha
  1729 | D:3      | Noticed a giant frog
  1736 | D:3      | Killed a giant frog
  1764 | D:3      | Noticed Jessica
  1773 | D:3      | Killed Jessica
  1773 | D:3      | Reached XP level 6. HP: 62/62 MP: 3/3
  1874 | D:3      | Found a glowing silver altar of Zin.
  2361 | D:4      | Found a staircase to the Ecumenical Temple.
  2463 | D:4      | Noticed Ijyb
  2480 | D:4      | Killed Ijyb
  2575 | D:4      | Reached skill level 5 in Unarmed Combat
  2575 | D:4      | Reached XP level 7. HP: 40/70 MP: 3/3
  2740 | D:4      | Found a glowing drain.
  2877 | Sewer    | Entered a sewer
  3074 | D:4      | Found a bloodstained altar of Trog.
  3074 | D:4      | Found an iron altar of Okawaru.
  3093 | D:4      | Acquired Trog's third power
  3250 | D:5      | Entered Level 5 of the Dungeon
  3253 | D:5      | Reached skill level 5 in Dodging
  3307 | D:5      | Found a sparkling altar of Nemelex Xobeh.
  3367 | D:5      | Paralysed by a giant eyeball for 4 turns
  3373 | D:5      | Paralysed by a giant eyeball for 2 turns
  3397 | D:5      | Noticed Menkaure
  3497 | D:5      | Reached skill level 6 in Unarmed Combat
  3560 | D:5      | Found Gheka's Antique Armour Shop.
  3721 | D:5      | Reached XP level 8. HP: 76/79 MP: 3/3
  3760 | D:5      | Noticed a deep elf mage
  3765 | D:5      | Killed a deep elf mage
  3765 | D:5      | Reached skill level 5 in Fighting
  3842 | D:5      | Noticed Eustachio
  3865 | D:5      | Killed Eustachio
  3891 | D:5      | Killed Menkaure
  4102 | D:6      | Noticed Sar's ghost (experienced TrFi)
  4121 | D:6      | Killed Sar's ghost
  4121 | D:6      | Reached skill level 7 in Unarmed Combat
  4121 | D:6      | Reached XP level 9. HP: 30/89 MP: 4/4
  4857 | D:7      | Reached skill level 8 in Unarmed Combat
  5578 | D:8      | Splashed by a jelly's acid

Action                   |  1- 3 |  4- 6 |  7- 9 || total
-------------------------+-------+-------+-------++-------
Melee: Unarmed           |    91 |   169 |   324 ||   584
Invok: Trog's Hand       |       |       |     5 ||     5
       Berserk           |       |       |     4 ||     4
Evoke: Wand              |       |       |     2 ||     2
  Use: Scroll            |       |       |    11 ||    11
